 Dungeon Crawl Stone Soup version 0.30-a0-359-gd0147acb1a (webtiles) character file.

Game seed: 293026334432186475

332 Nerdsrcool the Magician (level 6, 0/61 HPs)
             Began as a Djinni Hedge Wizard on Nov 11, 2022.
             Was a Follower of Dithmenos.
             Slain by an orc
             ... wielding the +3 spear of Xiraor {elec, rElec rF- Will+++ SInv}
              (20 damage)
             ... on level 4 of the Dungeon.
             The game lasted 00:13:29 (3142 turns).

Nerdsrcool the Magician (Djinni Hedge Wizard)       Turns: 3142, Time: 00:13:30

Health: 0/61       AC: 23    Str:  9    XL:     6   Next: 82%
Gold:   158        EV:  2    Int: 17    God:    Dithmenos [*.....] SH:  0 Dex: 13

rFire   + . .      SeeInvis .    o - +1 dagger (protect)
rCold   . . .      Faith    .    (no shield)
rNeg    . . .      Spirit   .    (body armour currently unavailable)
rPois   ∞          Reflect  .    (helmet currently unavailable)
rElec   .          Harm     .    (cloak currently unavailable)
rCorr   .          Rampage  .    (gloves currently unavailable)
Will    .....      NoTele   +    (boots unavailable)
Stlth   +.........               (no amulet)
HPRegen 0.30/turn                q - ring of protection from fire
MPRegen 0.00/turn                (no ring)

@: confused, mighty, tree-form, attractive, hasted, wreathed by umbra, very
quick
A: stationary, stasis, torment immunity, boosted hp, sickness immunity, (fire
resistance 2), (cold vulnerability 1), float, innate caster, HP casting, extra
vitality 1
a: Renounce Religion


You were on level 4 of the Dungeon.
You worshipped Dithmenos.
Dithmenos was aware of your devotion.
You were a tree.
You visited 1 branch of the dungeon, and saw 4 of its levels.

You collected 158 gold pieces.

Inventory:

Hand Weapons
 a - a +0 dagger
 e - a +0 short sword
 o - a +1 dagger of protection (weapon)
 u - a +3 dagger of holy wrath
Missiles
 j - 3 boomerangs
Armour
 b - a +0 robe (melded)
 c - a +0 hat (melded)
 r - a +0 scale mail
Jewellery
 q - a ring of protection from fire (left branch)
Wands
 v - a wand of roots (3)
Scrolls
 f - 5 scrolls of teleportation {unknown}
 g - 6 scrolls of identify {unknown}
 h - a scroll of enchant armour {unknown}
 k - a scroll of acquirement {unknown}
 m - a scroll of amnesia {unknown}
 w - a scroll of noise {unknown}
Potions
 d - a potion of attraction


   Skills:
 + Level 0.4 Fighting
 + Level 1.0 Short Blades
 + Level 3.0 Dodging
 + Level 2.3 Stealth
 + Level 4.8 Spellcasting


You couldn't memorise any spells.
You knew the following spells:

 Your Spells              Type           Power      Damage    Failure   Level
a - Magic Dart            Conj           80%        1d7       1%          1
b - Slow                  Hex            80%        N/A       1%          1
c - Blink                 Tloc           40%        N/A       3%          2
d - Call Imp              Summ           20%        N/A       3%          2
e - Cigotuvi's Dreadful   Necr/Pois/Air  40%        N/A       3%          2
f - Mephitic Cloud        Conj/Pois/Air  20%        N/A       6%          3
g - Freeze                Ice            80%        1d9       1%          1
h - Scorch                Fire           40%        2d7       3%          2
Your spell library was empty.

Dungeon Overview and Level Annotations

Branches:
Dungeon (4/15)
 Temple: D:4-7

Altars:
Dithmenos
Gozag
Qazlal


Innate Abilities, Weirdness & Mutations

You are a tree.
Your roots penetrate the ground, keeping you stationary.
You cannot be teleported.
You are immune to unholy pain and torment.
Your maximum health is greatly increased.
Your equipment is partially melded.
You are immune to sickness and miasma.
You are immune to poison.
((Your flesh is very heat resistant. (rF++)))
((You are vulnerable to cold. (rC-)))
You float through the air rather than walking.
You learn spells naturally, not from books.
Your magical power is your life essence.
You have superior vitality. (+4 MHP)


Message History

* * * LOW HITPOINT WARNING * * *
You feel much better. Something hits you. The orc misses you.
The orc closely misses you.
It was a potion of haste.
You feel yourself speed up. The orc hits you with a +0 short sword.
Something completely misses you.
The orc hits you from afar with the +3 spear of Xiraor {elec, rElec rF- Will+++ SInv}.
You miss the orc.
It was a potion of lignification.
You turn into a tree.
Your +0 hat melds into your body.
Your +0 robe melds into your body.
Your roots penetrate the ground.
You hear some strange, mumbled words.
Something tries to affect you, but you resist.
The orc hits you but does no damage.
You are electrocuted!
The orc hits you but does no damage.
It was a potion of magic.
Magic washes over you without effect. Something hits you but does no damage.
The orc hits you but does no damage. x2
You are electrocuted!
It was a potion of might.
You feel very mighty all of a sudden.
You cannot move. (Use ctrl+direction or * direction to attack while stationary and confused.)
You cannot move. (Use ctrl+direction or * direction to attack while stationary and confused.)
You cannot move. (Use ctrl+direction or * direction to attack while stationary and confused.)
You cannot move. (Use ctrl+direction or * direction to attack while stationary and confused.)
You cannot move. (Use ctrl+direction or * direction to attack while stationary and confused.)
You cannot move. (Use ctrl+direction or * direction to attack while stationary and confused.)
You cannot move. (Use ctrl+direction or * direction to attack while stationary and confused.)
You cannot move. (Use ctrl+direction or * direction to attack while stationary and confused.)
You cannot move. (Use ctrl+direction or * direction to attack while stationary and confused.)
You cannot move. (Use ctrl+direction or * direction to attack while stationary and confused.)
You cannot move. (Use ctrl+direction or * direction to attack while stationary and confused.)
You cannot move. (Use ctrl+direction or * direction to attack while stationary and confused.)
You cannot move. (Use ctrl+direction or * direction to attack while stationary and confused.)
You cannot move. (Use ctrl+direction or * direction to attack while stationary and confused.)
You attack the rock wall.
Something hits you but does no damage.
The orc hits you from afar with the +3 spear of Xiraor {elec, rElec rF- Will+++ SInv}.
The orc hits you but does no damage.
You cannot move. (Use ctrl+direction or * direction to attack while stationary and confused.)
You barely miss something. Something hits you.
The orc hits you but does no damage.
You are electrocuted!!
You die...

#.### #.# #.#
#.# #.# # #.#
.####.#####
#.#
.))..).oo{#
#.#
......###♣#
#.# .####
#.#########.#
#......)....#
#############


You could see 2 orcs.

Vanquished Creatures
  An iguana (D:4)
  Ijyb (D:3)
  Terence (D:3)
  An adder (D:2)
  A worm (D:3)
  2 dart slugs (D:1)
  9 orcs
  5 ball pythons
  2 bats
  3 endoplasms
  3 giant cockroaches
  4 goblins
  4 hobgoblins
  7 jackals (D:3)
  A quokka (D:1)
  A frilled lizard (D:1)
  3 kobolds
  A rat (D:1)
50 creatures vanquished.

Vanquished Creatures (collateral kills)
  Sigmund (D:3)
  An adder (D:3)
  An endoplasm (D:3)
  A goblin (D:3)
  A frilled lizard (D:3)
5 creatures vanquished.

Grand Total: 55 creatures vanquished

Notes
Turn   | Place    | Note
-------+----------+-------------------------------------------
     0 | D:1      | Nerdsrcool the Djinni Hedge Wizard began the quest for the
                  | Orb.
     0 | D:1      | Nerdsrcool set off with the following spells memorised:
                  | Magic Dart, Slow, Blink, Call Imp, Cigotuvi's Dreadful Rot,
                  | Mephitic Cloud.
     0 | D:1      | Reached XP level 1. HP: 15/15 MP: 0/0
   107 | D:1      | Reached XP level 2. HP: 20/21 MP: 0/0
   822 | D:1      | Reached XP level 3. HP: 23/25 MP: 0/0
   822 | D:1      | Learned a level 1 spell: Freeze
  1068 | D:2      | Reached skill level 3 in Spellcasting
  1475 | D:2      | Found a shadowy altar of Dithmenos.
  1488 | D:2      | Became a worshipper of Dithmenos the Shadowed
  1743 | D:3      | Noticed Terence
  1811 | D:3      | Reached XP level 4. HP: 27/31 MP: 0/0
  2191 | D:3      | Noticed Sigmund
  2201 | D:3      | Killed Sigmund
  2202 | D:3      | Reached skill level 4 in Spellcasting
  2202 | D:3      | Reached XP level 5. HP: 18/36 MP: 0/0
  2202 | D:3      | Learned a level 2 spell: Scorch
  2202 | D:3      | Reached XP level 6. HP: 20/41 MP: 0/0
  2202 | D:3      | Reached * piety under Dithmenos
  2341 | D:3      | Killed Terence
  2342 | D:3      | Reached skill level 1 in Short Blades
  2510 | D:3      | Noticed Ijyb
  2517 | D:3      | Killed Ijyb
  2729 | D:3      | Found an opulent altar of Gozag.
  2731 | D:3      | Found a stormy altar of Qazlal.
  3114 | D:4      | Identified the +3 spear of Xiraor {elec, rElec rF- Will+++
                  | SInv}
  3125 | D:4      | HP: 2/41 [orc/the +3 spear of Xiraor {elec, rElec rF-
                  | Will+++ SInv} (17)]
  3131 | D:4      | HP: 2/41 [something (1)]
  3142 | D:4      | Slain by an orc

Illustrated notes

Levels and vault maps discovered:
D:1:      shiori_arrival_oz, layout_loops_corners, serial_park_tiny_pond,
          grunt_decor_one_mirror
D:2:      layout_loops_ring, basic_altar, wad_floor_pattern_2
D:3:      layout_loops_ring, nicolae_overflow_hidden_temple, uniq_ijyb,
          uniq_terence, uniq_sigmund
D:4:      layout_loops_ring, uniq_eustachio

Skill      XL: |  1  2  3  4  5  6 |
---------------+-------------------+-----
Spellcasting   | 3 4 |  4.8
Stealth        | 2 |  2.3
Short Blades   | 1 |  1.0
Dodging        | 3 |  3.0
Fighting       | |  0.4

Action                   |  1- 3 |  4- 6 || total
-------------------------+-------+-------++-------
Melee: Short sword       |    20 |       ||    20
       Dagger            |       |    13 ||    13
 Cast: Magic Dart        |    78 |    56 ||   134
       Freeze            |     1 |     8 ||     9
       Call Imp          |       |     6 ||     6
       Slow              |       |     3 ||     3
       Scorch            |       |    10 ||    10
       Blink             |       |     1 ||     1
  Use: Scroll            |     3 |       ||     3
       Potion            |       |     8 ||     8
Armor: Robe              |     2 |     9 ||    11
       Skin              |       |     8 ||     8
Dodge: Dodged            |    20 |    15 ||    35

Table legend: (Time is in decaauts)
 A = Elapsed time spent in this place.
 B = Non-inter-level travel time spent in this place.
 C = Inter-level travel time spent in this place.
 D = Time resting spent in this place.
 E = Time spent auto-exploring this place.
 F = Levels seen in this place.
 G = Mean time per level.
                   A        B        C        D        E       F      G
               +--------+--------+--------+--------+--------+-----+--------+
         Total |   3137 |   3122 |     15 |    399 |   2193 |   4 |  784.2 |
       Dungeon |   3137 |   3122 |     15 |    399 |   2193 |   4 |  784.2 |
               +--------+--------+--------+--------+--------+-----+--------+

Top non-repeatable levels by time:
     D:3: 1446 daAuts
     D:1: 1045 daAuts
     D:2: 551 daAuts
     D:4: 94 daAuts
